 Dungeon Crawl Stone Soup version 0.30-a0-12-gd8047c6341 (webtiles) character file.

Game seed: 17267400180320665562

61 NinjaNoafa the Chopper (level 4, 34/41 HPs)
             Began as a Hill Orc Monk on Aug 23, 2022.
             Quit the game on level 2 of the Dungeon.
             The game lasted 00:04:07 (1580 turns).

NinjaNoafa the Chopper (Hill Orc Monk)              Turns: 1580, Time: 00:04:07

Health: 34/41      AC:  7    Str: 15    XL:     4   Next: 7%
Magic:  4/4        EV: 10    Int: 10    God:
Gold:   27         SH:  0    Dex: 13    Spells: 3/3 levels left

rFire   . . .      SeeInvis .    a - +0 hand axe
rCold   . . .      Faith    .    (no shield)
rNeg    . . .      Spirit   .    h - +0 scale mail
rPois   .          Reflect  .    (no helmet)
rElec   .          Harm     .    (no cloak)
rCorr   .          Rampage  .    i - +0 pair of gloves
Will    .....                    (no boots)
Stlth   ..........               (no amulet)
HPRegen 0.13/turn                (no ring)
MPRegen 0.09/turn                (no ring)

@: no status effects
A: no striking features
a: no special abilities


You were on level 2 of the Dungeon.
You visited 1 branch of the dungeon, and saw 2 of its levels.

You collected 27 gold pieces.

Inventory:

Hand Weapons
 a - a +0 hand axe (weapon)
Missiles
 d - 44 stones (quivered)
Armour
 h - a +0 scale mail (worn)
 i - a +0 pair of gloves (worn)
Jewellery
 j - a ring of fire
Scrolls
 b - 2 scrolls of teleportation {unknown}
 c - a scroll of magic mapping {unknown}
 e - a scroll of silence {unknown}
 f - 5 scrolls of identify {unknown}
Potions
 g - a potion of might {unknown}


   Skills:
 + Level 4.4 Fighting
 + Level 4.9 Axes
 + Level 2.1 Armour
 - Level 2.4 Dodging
 - Level 1.5 Stealth


You had 3 spell levels left.
You didn't know any spells.
Your spell library contained the following spells:

 Spells                   Type           Power      Damage    Failure   Level
 Sting                    Tmut/Pois      0%         1d3       83%         1
 Poisonous Vapours        Pois/Air       0%         N/A       92%         2
 Olgreb's Toxic Radiance  Pois           0%         N/A       100%        4


Dungeon Overview and Level Annotations

Branches:
Dungeon (2/15)

Altars:


Message History

You add the spells Sting, Poisonous Vapours and Olgreb's Toxic Radiance to your library.
Okay, then.
You see here a staff of conjuration.
As you open the door, it creaks loudly!
There is an open door here.
Found a long sword.
Okay, then.
j - a ring of fire You open the door.
There is an open door here.
An endoplasm comes into view.
The endoplasm quivers.
The endoplasm freezes you.
You are frozen.
You hit the endoplasm.
The endoplasm is severely wounded.
The endoplasm freezes you.
You are frozen.
You hit the endoplasm.
You kill the endoplasm!
Your Armour skill increases to level 2!
An adder comes into view.
The adder hisses angrily.
The adder bites you but does no damage.
You closely miss the adder. The adder bites you but does no damage.
The adder closely misses you.
You barely miss the adder. The adder bites you but does no damage.
You hit the adder.
The adder is moderately wounded.
The adder bites you but does no damage.
You barely miss the adder.
The adder is moderately wounded.
The adder bites you but does no damage. x2
You hit the adder.
The adder is severely wounded.
The adder bites you.
You slash the adder!
You kill the adder!
You have reached level 4!
Are you sure you want to abandon this character and quit the game? (Confirm with "yes".)

# # #. ######### .#
####.#####.......###.#
.....................#
..............@......# .
.....................#
#.#
.#####+##'##...........#
#.#
...###.##.#######......#
#.# ##........###
#......# #.#
#...........# ####.#.#
#.# #...........# .#.#
#.# #...........# .#.#
#.# #####.####### .#
#.######


There were no monsters in sight!

Vanquished Creatures
  2 adders (D:2)
  A gnoll (D:1)
  A worm (D:2)
  2 endoplasms (D:2)
  3 goblins
  5 hobgoblins
  3 kobolds
  3 quokkas
  4 bats
  2 frilled lizards (D:1)
  3 rats (D:1)
29 creatures vanquished.

Notes
Turn   | Place    | Note
-------+----------+-------------------------------------------
     0 | D:1      | NinjaNoafa the Hill Orc Monk began the quest for the Orb.
     0 | D:1      | Reached XP level 1. HP: 19/19 MP: 1/1
   384 | D:1      | Reached XP level 2. HP: 26/27 MP: 2/2
   401 | D:1      | Reached skill level 1 in Armour
   598 | D:1      | Reached XP level 3. HP: 13/33 MP: 3/3
   798 | D:1      | Found a faded altar of an unknown god.
  1580 | D:2      | Reached XP level 4. HP: 34/41 MP: 4/4
  1580 | D:2      | Quit the game

Illustrated notes

Levels and vault maps discovered:
D:1:      roderic_crossed_star, layout_loops_cross,
          hellmonk_ecumenical_altar_arch_garden, minmay_misc_feat_plants,
          minmay_misc_feat_five, minivault_24
D:2:      layout_basic, minmay_heptomino_w4

Skill      XL: |  1  2  3 |
---------------+----------+-----
Armour         | 1 2 |  2.1
Fighting       | 4 |  4.4
Axes           | |  4.9
Dodging        | |  2.4
Stealth        | |  1.5

Action                   |  1- 3 |  4- 6 || total
-------------------------+-------+-------++-------
Melee: Hand axe          |   116 |       ||   116
       Punch             |     2 |       ||     2
  Use: Potion            |     1 |       ||     1
Armor: Scale mail        |    60 |       ||    60
       Robe              |     2 |       ||     2
Dodge: Dodged            |    58 |       ||    58

Table legend: (Time is in decaauts)
 A = Elapsed time spent in this place.
 B = Non-inter-level travel time spent in this place.
 C = Inter-level travel time spent in this place.
 D = Time resting spent in this place.
 E = Time spent auto-exploring this place.
 F = Levels seen in this place.
 G = Mean time per level.
                   A        B        C        D        E       F      G
               +--------+--------+--------+--------+--------+-----+--------+
         Total |   1589 |   1582 |      7 |    268 |   1006 |   2 |  794.5 |
       Dungeon |   1589 |   1582 |      7 |    268 |   1006 |   2 |  794.5 |
               +--------+--------+--------+--------+--------+-----+--------+

Top non-repeatable levels by time:
     D:1: 1092 daAuts
     D:2: 496 daAuts
